 Dungeon Crawl Stone Soup version 0.23-a0-305-g7ffd15e (webtiles) character file.

541 epen the Slasher (level 7, -5/60 HPs)
             Began as a Purple Draconian Abyssal Knight on Oct 9, 2018.
             Was a Believer of Lugonu.
             Slain by an ogre
             ... wielding a +0 giant club
              (15 damage)
             ... on level 4 of the Dungeon.
             The game lasted 00:04:48 (4347 turns).

epen the Slasher (Purple Draconian Abyssal Knight)  Turns: 4347, Time: 00:04:48

Health: -5/60      AC:  9    Str: 17    XL:     7   Next: 5%
Magic:  10/10      EV: 13    Int: 12    God:    Lugonu [**....]
Gold:   246        SH:  0    Dex:  8    Spells: 6/6 levels left

rFire    . . .     SeeInvis .   q - +4 quarterstaff (chaos)
rCold    . . .     Gourm    .   (shield currently unavailable)
rNeg     . . .     Faith    .   (armour unavailable)
rPois    .         Spirit   .   (helmet restricted)
rElec    .         Reflect  .   d - +2 cloak
rCorr    .         Harm     .   (no gloves)
MR       +....                  (no boots)
Stlth    +.........             (no amulet)
HPRegen  0.20/turn              (no ring)
MPRegen  0.12/turn              l - -2 ring of dexterity (curse)

@: no status effects
A: breathe power, unfitting armour, cold-blooded, AC +6
a: Breathe Dispelling Energy, Depart the Abyss, Bend Space, Renounce Religion


You were on level 4 of the Dungeon.
You worshipped Lugonu.
Lugonu was pleased with you.
You were not hungry.

You visited 1 branch of the dungeon, and saw 4 of its levels.
You visited the Abyss 1 time.

You collected 246 gold pieces.

Inventory:

Hand Weapons
 a - a +1 falchion
 g - a +2 dagger of protection
 q - a +4 quarterstaff of chaos (weapon)
Missiles
 o - 2 throwing nets (quivered)
Armour
 d - a +2 cloak (worn)
Jewellery
 e - an uncursed ring of ice
 l - a cursed -2 ring of dexterity (right hand)
 y - an uncursed ring of wizardry {unknown}
Wands
 n - a wand of clouds (8)
 A - a wand of enslavement (16)
Scrolls
 c - a scroll of amnesia {unknown}
 i - 3 scrolls of teleportation
 p - a scroll of remove curse
 s - a scroll of enchant armour {unknown}
 u - 2 scrolls of fear {unknown}
 v - a scroll of noise {unknown}
 B - a scroll of magic mapping {unknown}
Potions
 f - a potion of invisibility {unknown}
 h - a potion of haste {unknown}
 j - a potion of berserk rage {unknown}
 k - 3 potions of resistance
 m - a potion of ambrosia {unknown}
 r - a potion of mutation {unknown}
 t - a potion of curing
 w - a potion of flight {unknown}
 x - a potion of heal wounds {unknown}
Comestibles
 b - 6 rations
 z - a chunk of flesh


   Skills:
 + Level 4.9 Fighting
 * Level 5.1 Long Blades
 + Level 3.6 Dodging
 + Level 4.1 Invocations


You had 6 spell levels left.
You didn't know any spells.
Your spell library was empty.

Dungeon Overview and Level Annotations

Branches:
Dungeon (4/15)
 Temple: D:4-7

Altars:


Innate Abilities, Weirdness & Mutations

You can breathe bolts of dispelling energy.
Your rich purple scales are hard. (AC +6)
You cannot fit into any form of body armour.
You are cold-blooded and may be slowed by cold attacks.


Message History

B - a scroll labeled HAOSHUI QILENA An ogre comes into view.
It is wielding a giant club.
The ogre shouts!
An ogre is nearby!
You completely miss the ogre. You tail-slap the ogre.
The ogre is moderately wounded.
Your orc zombie hits the ogre from afar with a trident!
You sock the ogre!
The ogre flickers and vanishes!
Deactivating autopickup; reactivate with Ctrl-A.
Something hits you!
Your orc zombie hits something but does no damage.
No target in view!
No target in view!
No target in view!
You completely miss something.
Your tail-slap misses something.
Something hits you!!
* * * LOW HITPOINT WARNING * * *
Your orc zombie hits something but does no damage.
You barely miss something. Something hits you!
You die...

##########...........#
#....................#
#.............)?$....#
#....................#
#....................#
######...#...........#
#.รท.#.(.........#
#######...#...Z.......#
.....##........{@.....#
.....##...............#
.....##....######....##
.....''......># .##.#
.....##....##.# .# #
#######....# .. .#
#....# #### #.......
#########


You could see a friendly orc zombie.

Vanquished Creatures
  A phantom (D:4)
  An ogre (D:4)
  A hound (D:4)
  Crazy Yiuf (D:3)
  2 orc priests (D:4)
  Jessica (D:2)
  An iguana (D:3)
  2 worker ants (D:4)
  An orc wizard (D:4)
  A hound skeleton (D:4)
  An adder (D:2)
  An ooze (D:1)
  3 worms
  3 dart slugs
  A leopard gecko (D:3)
  7 orcs
  7 bats
  4 giant cockroaches
  9 goblins
  8 hobgoblins
  8 jackals
  4 kobolds
  3 quokkas
  A ball python (D:2)
  A frilled lizard (D:2)
  6 rats
79 creatures vanquished.

Vanquished Creatures (collateral kills)
  An adder (D:4)
1 creature vanquished.

Grand Total: 80 creatures vanquished

Notes
Turn   | Place    | Note
-------+----------+-------------------------------------------
     0 | Abyss:1  | epen the Draconian Abyssal Knight began the quest for the
                  | Orb.
     0 | Abyss:1  | Reached XP level 1. HP: 19/19 MP: 2/2
   115 | Abyss:1  | Found a corrupted altar of Lugonu.
   261 | Abyss:1  | Noticed a wretched star
   263 | D:1      | Escaped the Abyss
   319 | D:1      | Reached XP level 2. HP: 9/20 MP: 3/3
   522 | D:1      | Reached * piety under Lugonu
  1346 | D:1      | Reached XP level 3. HP: 22/24 MP: 4/4
  1552 | D:2      | Found a faded altar of an unknown god.
  1814 | D:2      | Noticed Jessica
  1816 | D:2      | Killed Jessica
  1816 | D:2      | Reached skill level 3 in Long Blades
  1879 | D:2      | Reached XP level 4. HP: 26/32 MP: 6/6
  2777 | D:3      | Reached ** piety under Lugonu
  2919 | D:3      | Found a runed door.
  2923 | D:3      | Noticed Crazy Yiuf
  2946 | D:3      | Killed Crazy Yiuf
  3287 | D:3      | Reached XP level 5. HP: 44/46 MP: 7/7
  3697 | D:4      | Reached skill level 4 in Long Blades
  3741 | D:4      | Noticed an ogre
  3749 | D:4      | Killed an ogre
  3749 | D:4      | Reached XP level 6. HP: 45/53 MP: 8/8
  4284 | D:4      | Reached skill level 5 in Long Blades
  4284 | D:4      | Your scales start taking on a rich purple colour.
  4284 | D:4      | Reached XP level 7. HP: 45/60 MP: 8/10
  4347 | D:4      | Slain by an ogre

Vault maps used:
D:1:      lightli_arrival_farm
D:2:      chequers_ecumenical_altar_island, hangedman_glass_teeth, uniq_jessica
D:3:      serial_glass, glass_columns_a, glass_columns_b, first_ration,
          roderic_roman_lattice, uniq_crazy_yiuf_cottage

Skill      XL: |  1  2  3  4  5  6 |
---------------+-------------------+-----
Long Blades    | 3 4 5 |  5.1
Fighting       | 4 |  4.9
Invocations    | 3 4 |  4.1
Dodging        | 3 |  3.6

Action                   |  1- 3 |  4- 6 |  7- 9 || total
-------------------------+-------+-------+-------++-------
Melee: Falchion          |    95 |    34 |       ||   129
       Tailslap          |     8 |    13 |     2 ||    23
       Dagger            |       |    58 |       ||    58
       Quarterstaff      |       |    70 |    11 ||    81
Invok: Depart the Abyss  |     1 |       |       ||     1
  Use: Scroll            |       |     5 |       ||     5
       Potion            |       |     2 |       ||     2
 Stab: Sleeping          |     1 |     2 |       ||     3
  Eat: Chunk             |     3 |     7 |     1 ||    11
Armor: Skin              |    45 |    56 |     2 ||   103
Dodge: Dodged            |    80 |   120 |     5 ||   205
       Rpst.: Falchion   |    26 |     8 |       ||    34

Table legend:
 A = Non-vault XP
 B = Vault XP
 C = Vault XP percentage of total XP
 D = Non-vault monster count
 E = Vault monster count
 F = Vault count percentage of total count
                 A         B        C        D         E       F
            +---------+---------+-------+---------+---------+-------
      Total |     697 |      77 |   9.9 |      78 |       2 |   2.5
            +---------+---------+-------+---------+---------+-------
        D:1 |      51 |       0 |   0.0 |      26 |       0 |   0.0
        D:2 |      38 |      37 |  49.3 |      15 |       1 |   6.2
        D:3 |      73 |      40 |  35.4 |      17 |       1 |   5.6
        D:4 |     535 |       0 |   0.0 |      20 |       0 |   0.0
            +---------+---------+-------+---------+---------+-------
